 Dungeon Crawl Stone Soup version 0.28.0-43-g3370ac3207 (webtiles) character file.

Game seed: 16440244872642687089

3087 Ablot the Magician (level 9, 0/71 HPs)
             Began as a Gnoll Warper on Mar 24, 2022.
             Was a Priest of Okawaru.
             Slain by an orc warrior
             ... wielding a +0 scimitar
              (11 damage)
             ... on level 8 of the Dungeon.
             The game lasted 00:12:22 (9139 turns).

Ablot the Magician (Gnoll Warper)                   Turns: 9139, Time: 00:12:23

Health: 0/71       AC:  7    Str: 17    XL:     9   Next: 89%
Magic:  19/19      EV: 14    Int: 12    God:    Okawaru [***...]
Gold:   306        SH:  0    Dex: 12    Spells: 17/21 levels left

rFire   + + .      SeeInvis .   l - +10 falchion "Eceakheg" {pain, rCorr Str+2}
rCold   . . .      Faith    .   (no shield)
rNeg    + . .      Spirit   .   m - +2 leather armour {rN+}
rPois   .          Reflect  .   (no helmet)
rElec   .          Harm     .   v - +1 cloak {Will+}
rCorr   +          Rampage  .   (no gloves)
Will    +....                   (no boots)
Stlth   ++........              (no amulet)
HPRegen 0.21/turn               B - ring of protection from fire
MPRegen 0.16/turn               D - ring of protection from fire

@: no status effects
A: fangs 1, strong nose, distributed training
a: Renounce Religion, Heroism


You were on level 8 of the Dungeon.
You worshipped Okawaru.
Okawaru was most pleased with you.
You visited 2 branches of the dungeon, and saw 9 of its levels.
You also visited: Sewer.

You collected 306 gold pieces.

Inventory:

Hand Weapons
 a - a +0 trident
 l - the +10 falchion "Eceakheg" (weapon) {pain, rCorr Str+2}
   (You found it on level 2 of the Dungeon)

   In the hands of one skilled in necromantic magic, it inflicts extra damage on
   living creatures.
   Str:       It affects your strength (+2).
   rCorr:     It protects you from acid and corrosion.
 F - a +2 short sword of venom
Missiles
 d - 5 boomerangs of dispersal
 f - 187 stones
 n - 23 poisoned darts (quivered)
 o - 63 bolts
 s - 63 arrows
 H - a boomerang
Armour
 m - a +2 leather armour of positive energy (worn)
 v - a +1 cloak of willpower (worn)
Magical Staves
 E - a staff of earth
Jewellery
 B - a ring of protection from fire (left hand)
 D - a ring of protection from fire (right hand)
Wands
 w - a wand of mindburst (12)
 x - a wand of polymorph (8)
Scrolls
 c - 2 scrolls of blinking
 g - 4 scrolls of teleportation {unknown}
 h - 4 scrolls of identify {unknown}
 i - a scroll of amnesia {unknown}
 k - 2 scrolls of fear {unknown}
 q - 2 scrolls of immolation {unknown}
 r - a scroll of magic mapping {unknown}
 u - a scroll of torment {unknown}
 y - a scroll of brand weapon {unknown}
 z - a scroll of enchant weapon {unknown}
 G - a scroll of enchant armour {unknown}
Potions
 b - 4 potions of flight
 e - 2 potions of heal wounds
 j - a potion of brilliance {unknown}
 p - a potion of cancellation {unknown}
 t - a potion of lignification {unknown}
 A - a potion of attraction {unknown}
 C - 2 potions of magic {unknown}
 I - a potion of ambrosia {unknown}


   Skills:
 + Level 6.6 Fighting
 + Level 4.6 Short Blades
 + Level 4.6 Long Blades
 + Level 4.6 Axes
 + Level 4.6 Maces & Flails
 + Level 6.6 Polearms
 + Level 4.6 Staves
 + Level 4.6 Slings
 + Level 4.6 Bows
 + Level 4.6 Crossbows
 + Level 5.4 Throwing
 + Level 5.4 Armour
 + Level 6.6 Dodging
 + Level 4.6 Stealth
 + Level 4.6 Shields
 + Level 4.6 Unarmed Combat
 + Level 6.9 Spellcasting
 + Level 3.8 Conjurations
 + Level 3.8 Hexes
 + Level 3.8 Summonings
 + Level 3.8 Necromancy
 + Level 6.7 Translocations
 + Level 3.8 Transmutations
 + Level 3.8 Fire Magic
 + Level 3.8 Ice Magic
 + Level 3.8 Air Magic
 + Level 3.8 Earth Magic
 + Level 3.8 Poison Magic
 + Level 5.1 Invocations
 + Level 4.6 Evocations


You had 17 spell levels left.
You knew the following spells:

 Your Spells              Type           Power      Damage    Failure   Level
a - Blink                 Tloc           40%        N/A       1%          2
b - Searing Ray           Conj           26%        2d5       6%          2

Your spell library contained the following spells:

 Spells                   Type           Power      Damage    Failure   Level
 Gell's Gravitas          Tloc           20%        N/A       3%          3
 Lesser Beckoning         Tloc           20%        N/A       3%          3
 Teleport Other           Tloc           20%        N/A       3%          3
 Magic Dart               Conj           52%        1d5       4%          1
 Conjure Flame            Conj/Fire      13%        6-21      12%         3
 Dazzling Flash           Conj/Hex       26%        N/A       12%         3
 Ignite Poison            Fire/Tmut/Pois 13%        N/A       12%         3
 Ozocubu's Armour         Ice            13%        N/A       12%         3
 Manifold Assault         Tloc           20%        N/A       32%         5
 Fulminant Prism          Conj/Hex       6%         3d7       36%         4
 Sticky Flame             Conj/Fire      13%        2d4       36%         4
 Agony                    Necr           13%        N/A       73%         5
 Metabolic Englaciation   Hex/Ice        6%         N/A       73%         5
 Silence                  Hex/Air        6%         N/A       73%         5
 Ozocubu's Refrigeration  Ice            6%         4d6       100%        7
 Storm Form               Tmut/Air       6%         N/A       100%        7
 Simulacrum               Ice/Necr       Unusable   N/A       N/A         6

Dungeon Overview and Level Annotations

Branches:
Dungeon (8/15)             Temple (1/1) D:4           Sewer (visited)
   Lair: D:8-11

Altars:
Ashenzari
Cheibriados
Dithmenos
Elyvilon
Fedhas
Gozag
Hepliaklqana
Kikubaaqudgha
Makhleb
Nemelex Xobeh
Okawaru
Ru
Sif Muna
Uskayaw
Vehumet
Wu Jian
Xom
Yredelemnul
Zin
The Shining One


Innate Abilities, Weirdness & Mutations

You have very sharp teeth.
Your uncanny sense of smell can sniff out nearby items.
Your experience applies equally to all skills.


Message History

You can't go up here!
You barely miss the orc. You bite the orc, but do no damage.
The orc warrior completely misses you. The orc hits you with a +0 whip.
The orc barely misses you.
Casting: Blink (safe; 1% risk of failure)
Confirm with . or Enter, or press ? or * to list all spells.
You blink.
Found 11 gold pieces and 21 stones.
Unknown command.
The orc hits you but does no damage.
You feel stable enough to blink again.
You hit the orc.
The orc writhes in agony.
You kill the orc!
Okawaru accepts your kill.
You slash the orc!
You kill the orc!
Okawaru accepts your kill.
Okawaru will now gift you ammunition as you gain piety.
You hit the orc warrior but do no damage.
The orc warrior writhes in agony.
You bite the orc warrior, but do no damage.
The orc warrior is lightly wounded.
The orc warrior hits you with a +0 scimitar!
You hit the orc warrior.
The orc warrior is moderately wounded.
The orc warrior barely misses you.
You barely miss the orc warrior.
The orc warrior is moderately wounded.
The orc warrior hits you with a +0 scimitar.
You hit the orc warrior.
The orc warrior writhes in agony.
You bite the orc warrior.
The orc warrior is heavily wounded.
The orc warrior hits you with a +0 scimitar.
You slash the orc warrior!
The orc warrior is severely wounded.
The orc warrior hits you with a +0 scimitar! x2
* * * LOW HITPOINT WARNING * * *
You hit the orc warrior.
The orc warrior is almost dead.
The orc warrior hits you with a +0 scimitar!
You die...

#.......# #.#
######.### ######.#..#
#.# ######.# .. .....#
#.# #......# ## ####.#
#.####..#...### .#
#......###..... ∆
#####..##..###..##.
..##..###..#..##
#.##.oc##.....##
#@#...............
#o#..##.........##
.####co.####..._(..##
#.........# .c.......#
#.####.#$(.............
#.###..##.....##.. #.#
#.###..#.)# #. #.# #
.###.. #.#


You could see an orc warrior, a centaur and an orc.

Vanquished Creatures
  A boulder beetle (D:7)
  Pikel (D:4)
  Grinder (D:3)
  A hornet zombie (D:6)
  2 orc warriors
  2 ogres
  A necrophage (D:6)
  A centaur (D:6)
  A kobold brigand (Sewer)
  A bullfrog (D:6)
  2 wyvern skeletons (D:7)
  A water moccasin skeleton (D:5)
  A bullfrog zombie (D:5)
  2 hounds
  A jelly (D:6)
  Crazy Yiuf (D:3)
  2 gnoll shamans
  3 orc priests
  A centaur skeleton (D:5)
  Ijyb (D:4)
  3 orc wizards
  5 iguanas
  A mummy (D:4)
  13 gnolls
  5 adders
  A river rat (Sewer)
  A shadow imp (D:5)
  3 white imps
  An ufetubus (D:5)
  2 worms
  6 dart slugs
  25 orcs
  8 ball pythons
  5 endoplasms
  4 giant cockroaches
  13 goblins
  6 hobgoblins
  4 jackals
  3 quokkas
  2 bats
  3 frilled lizards
  A jackal skeleton (D:4)
  11 kobolds
  12 rats
165 creatures vanquished.

Vanquished Creatures (others)
  23 fungi (D:4)
23 creatures vanquished.

Grand Total: 188 creatures vanquished

Notes
Turn   | Place    | Note
-------+----------+-------------------------------------------
     0 | D:1      | Ablot the Gnoll Warper began the quest for the Orb.
     0 | D:1      | Reached XP level 1. HP: 20/20 MP: 6/6
   165 | D:1      | Reached XP level 2. HP: 26/26 MP: 7/7
   171 | D:1      | Learned a level 2 spell: Blink
   444 | D:1      | Reached XP level 3. HP: 30/31 MP: 9/9
   476 | D:1      | Reached skill level 5 in Spellcasting
   937 | D:2      | Reached skill level 1 in Invocations
  1149 | D:2      | Reached skill level 1 in Short Blades
  1149 | D:2      | Reached skill level 1 in Long Blades
  1149 | D:2      | Reached skill level 1 in Axes
  1149 | D:2      | Reached skill level 1 in Maces & Flails
  1149 | D:2      | Reached skill level 1 in Staves
  1149 | D:2      | Reached skill level 1 in Slings
  1149 | D:2      | Reached skill level 1 in Bows
  1149 | D:2      | Reached skill level 1 in Crossbows
  1149 | D:2      | Reached skill level 1 in Stealth
  1149 | D:2      | Reached skill level 1 in Shields
  1149 | D:2      | Reached skill level 1 in Unarmed Combat
  1149 | D:2      | Reached skill level 1 in Evocations
  1290 | D:2      | Identified the +10 falchion "Eceakheg" {pain, rCorr Str+2}
  1488 | D:3      | Noticed Grinder
  1586 | D:3      | Reached XP level 4. HP: 37/38 MP: 11/11
  1626 | D:3      | Found a glowing drain.
  1639 | Sewer    | Entered a sewer
  1690 | Sewer    | Noticed a kobold brigand
  1702 | Sewer    | Killed a kobold brigand
  1703 | Sewer    | Reached skill level 1 in Conjurations
  1703 | Sewer    | Reached skill level 1 in Hexes
  1703 | Sewer    | Reached skill level 1 in Summonings
  1703 | Sewer    | Reached skill level 1 in Necromancy
  1703 | Sewer    | Reached skill level 1 in Transmutations
  1703 | Sewer    | Reached skill level 1 in Fire Magic
  1703 | Sewer    | Reached skill level 1 in Ice Magic
  1703 | Sewer    | Reached skill level 1 in Air Magic
  1703 | Sewer    | Reached skill level 1 in Earth Magic
  1703 | Sewer    | Reached skill level 1 in Poison Magic
  1703 | Sewer    | Reached XP level 5. HP: 4/43 MP: 12/12
  2027 | Sewer    | Found a white marble altar of Elyvilon.
  2403 | D:3      | Paralysed by Grinder for 7 turns
  2411 | D:3      | Killed Grinder
  2412 | D:3      | Reached skill level 5 in Fighting
  2412 | D:3      | Reached skill level 5 in Polearms
  2412 | D:3      | Reached skill level 5 in Dodging
  2412 | D:3      | Reached XP level 6. HP: 33/51 MP: 14/14
  2633 | D:3      | Found a runed translucent door.
  2634 | D:3      | Noticed Crazy Yiuf
  2886 | D:3      | Found a faded altar of an unknown god.
  3065 | D:3      | Killed Crazy Yiuf
  3335 | D:4      | Noticed Ijyb
  3343 | D:4      | Killed Ijyb
  3344 | D:4      | Reached XP level 7. HP: 45/56 MP: 15/15
  3356 | D:4      | Found a staircase to the Ecumenical Temple.
  3370 | Temple   | Entered the Ecumenical Temple
  3585 | Temple   | Became a worshipper of Warmaster Okawaru
  3655 | D:4      | Found a snail-covered altar of Cheibriados.
  5106 | D:5      | Entered Level 5 of the Dungeon
  5482 | D:5      | Reached XP level 8. HP: 63/63 MP: 16/16
  5562 | D:5      | Found a hide-covered altar of Uskayaw.
  5573 | D:5      | Noticed Pikel
  5598 | D:4      | Killed Pikel
  5598 | D:4      | Reached * piety under Okawaru
  5598 | D:4      | Reached ** piety under Okawaru
  6626 | D:6      | Reached XP level 9. HP: 65/69 MP: 18/18
  7225 | D:6      | Learned a level 2 spell: Searing Ray
  7372 | D:7      | Found a blossoming altar of Fedhas.
  7738 | D:7      | Reached skill level 5 in Throwing
  7738 | D:7      | Reached skill level 5 in Armour
  8393 | D:7      | Noticed a boulder beetle
  8405 | D:7      | Killed a boulder beetle
  8406 | D:7      | Reached skill level 5 in Invocations
  9118 | D:8      | Found a shadowy altar of Dithmenos.
  9133 | D:8      | Reached *** piety under Okawaru
  9139 | D:8      | Slain by an orc warrior

Illustrated notes

Levels and vault maps discovered:
D:1:      minmay_arrival_split_and_join, layout_basic
D:2:      layout_basic, minmay_stone_trees_large, kennysheep_cluttered_room
D:3:      layout_basic, ebering_ecumenical_altar_hall,
          cheibrodos_sewer_entry_bend, kennysheep_generic_room_13, uniq_grinder,
          uniq_crazy_yiuf_cottage
D:4:      nicolae_cairo_tiling_very_big, layout_basic, slow_altar_2,
          temple_fountains, serial_aquarium, aquarium_bridge_long_joined
          [aquarium_subvault_wall, aquarium_subvault_balcony,
          aquarium_subvault_bridge, aquarium_subvault_bridge,
          aquarium_subvault_window, aquarium_subvault_bridge],
          aquarium_bridge_island_small [aquarium_subvault_small_water,
          aquarium_subvault_window, aquarium_subvault_bridge,
          aquarium_subvault_bridge, aquarium_subvault_window],
          aquarium_window_corner, aquarium_window_fake,
          aquarium_window_corridor_3, aquarium_view_2d, aquarium_view_2a,
          hex_intersection, uniq_ijyb
D:5:      layout_rooms, nicolae_uskayaw_dance_hall, grunt_decor_mini_mirrors,
          kennysheep_generic_room_12, uniq_pikel
D:6:      wad_pebble_path, layout_basic
D:7:      layout_loops_ring, fedhas_ov_isle_minmay
D:8:      layout_loops_ring, nicolae_dithmenos_shadow_blocks,
          gammafunk_ghost_hive, serial_shops,
          nicolae_shop_competitors_out_of_business, minmay_misc_feat_square
Temple:   eino_temple_scatter_basement

Skill      XL: |  1  2  3  4  5  6  7  8  9 |
---------------+----------------------------+-----
Spellcasting   | 5 6 |  6.9
Invocations    | 1 2 3 4 5 |  5.1
Short Blades   | 1 2 3 4 |  4.6
Long Blades    | 1 2 3 4 |  4.6
Axes           | 1 2 3 4 |  4.6
Maces & Flails | 1 2 3 4 |  4.6
Staves         | 1 2 3 4 |  4.6
Slings         | 1 2 3 4 |  4.6
Bows           | 1 2 3 4 |  4.6
Crossbows      | 1 2 3 4 |  4.6
Stealth        | 1 2 3 4 |  4.6
Shields        | 1 2 3 4 |  4.6
Unarmed Combat | 1 2 3 4 |  4.6
Evocations     | 1 2 3 4 |  4.6
Conjurations   | 1 2 3 |  3.8
Hexes          | 1 2 3 |  3.8
Summonings     | 1 2 3 |  3.8
Necromancy     | 1 2 3 |  3.8
Transmutations | 1 2 3 |  3.8
Fire Magic     | 1 2 3 |  3.8
Ice Magic      | 1 2 3 |  3.8
Air Magic      | 1 2 3 |  3.8
Earth Magic    | 1 2 3 |  3.8
Poison Magic   | 1 2 3 |  3.8
Throwing       | 3 4 5 |  5.4
Armour         | 3 4 5 |  5.4
Fighting       | 5 6 |  6.6
Polearms       | 5 6 |  6.6
Dodging        | 5 6 |  6.6
Translocations | 6 |  6.7

Action                   |  1- 3 |  4- 6 |  7- 9 || total
-------------------------+-------+-------+-------++-------
Melee: Spear             |   133 |       |       ||   133
       Bite              |    10 |     6 |    26 ||    42
       Punch             |     4 |     2 |     5 ||    11
       Falchion          |    13 |    91 |   227 ||   331
Throw: Dart              |       |     9 |     6 ||    15
 Cast: Blink             |       |       |     3 ||     3
  Use: Potion            |       |       |     1 ||     1
 Stab: Sleeping          |     2 |     1 |     3 ||     6
Armor: Leather armour    |    21 |    17 |    57 ||    95
Dodge: Dodged            |    61 |    60 |   164 ||   285
